 Dungeon Crawl Stone Soup version 0.28-a0-511-gcc94558de3 (webtiles) character file.

Game seed: 17502671651334904818

1320 siradein the Spear-Bearer (level 8, -16/61 HPs)
             Began as a Ghoul Gladiator on Sept 22, 2021.
             Was an Initiate of Gozag.
             Demolished by an orc warrior (21 damage)
             ... on level 5 of the Dungeon.
             The game lasted 00:16:20 (7293 turns).

siradein the Spear-Bearer (Ghoul Gladiator)         Turns: 7293, Time: 00:16:20

Health: -16/61     AC:  7    Str: 20    XL:     8   Next: 59%
Magic:  7/7        EV: 10    Int:  3    God:    Gozag
Gold:   293        SH:  0    Dex: 10    Spells: 7/7 levels left

rFire   . . .      SeeInvis +   a - +0 trident
rCold   + . .      Faith    .   (no shield)
rNeg    + + +      Spirit   .   g - +0 scale mail
rPois   ∞          Reflect  .   c - +0 helmet
rElec   .          Harm     .   (no cloak)
rCorr   .          Rampage  .   (no gloves)
Will    .....                   (no boots)
Stlth   ..........              (no amulet)
HPRegen 0.00/turn               k - ring of see invisible
MPRegen 0.10/turn               (no ring)

@: mighty, inhibited regen
A: claws 1, cold resistance 1, negative energy resistance 3, inhibited
regeneration, torment resistance 2
a: Renounce Religion, Potion Petition, Call Merchant, Bribe Branch


You were on level 5 of the Dungeon.
You worshipped Gozag.
Gozag was aware of your devotion.
You visited 2 branches of the dungeon, and saw 7 of its levels.

You collected 357 gold pieces.
You paid 64 gold pieces to Gozag.

Inventory:

Hand Weapons
 a - a +0 trident (weapon)
 o - a +0 hand crossbow
Missiles
 d - 3 throwing nets (quivered)
 e - 135 stones
 p - 51 bolts
 u - 4 silver boomerangs
 x - a curare-tipped dart
Armour
 c - a +0 helmet (worn)
 g - a +0 scale mail (worn)
Jewellery
 k - a ring of see invisible (left claw)
 w - a +6 ring of intelligence
Scrolls
 b - 3 scrolls of teleportation {unknown}
 f - a scroll of enchant weapon
 j - a scroll of immolation
 l - a scroll of magic mapping {unknown}
 r - a scroll of fog {unknown}
 t - a scroll of enchant armour {unknown}
Potions
 h - 2 potions of curing
 i - a potion of attraction {unknown}
 m - a potion of might
 n - a potion of cancellation {unknown}
 s - a potion of flight {unknown}
 v - a potion of ambrosia {unknown}


   Skills:
 - Level 2.1 Fighting
 + Level 9.8 Polearms
 - Level 1.7 Throwing
 - Level 2.6 Dodging


You had 7 spell levels left.
You didn't know any spells.
Your spell library contained the following spells:

 Spells                   Type           Power      Damage    Failure   Level
 Magic Dart               Conj           0%         1d3       88%         1
 Ensorcelled Hibernation  Hex/Ice        0%         N/A       95%         2
 Passwall                 Tmut/Erth      0%         N/A       95%         2
 Searing Ray              Conj           0%         2d4       95%         2
 Dazzling Flash           Conj/Hex       0%         N/A       99%         3
 Gell's Gravitas          Tloc           0%         N/A       99%         3
 Lesser Beckoning         Tloc           0%         N/A       99%         3
 Swiftness                Air            0%         N/A       99%         3
 Teleport Other           Tloc           0%         N/A       99%         3
 Fulminant Prism          Conj/Hex       0%         3d6       100%        4
 Agony                    Necr           0%         N/A       100%        5
 Silence                  Hex/Air        0%         N/A       100%        5
 Invisibility             Hex            0%         N/A       100%        6
 Spider Form              Tmut/Pois      Unusable   N/A       N/A         3

Dungeon Overview and Level Annotations

Branches:
Dungeon (6/15)             Temple (1/1) D:5

Altars:
Dithmenos
Elyvilon
Fedhas
Gozag
Makhleb
Nemelex Xobeh
Qazlal
Trog
Vehumet
Xom
Yredelemnul
Zin
The Shining One


Innate Abilities, Weirdness & Mutations

You thrive by killing the living.
You are immune to poison.
You have sharp fingernails.
Your flesh is cold resistant. (rC+)
You are immune to negative energy. (rN+++)
You do not regenerate when monsters are visible.
You are immune to unholy pain and torment.


Message History

The orc warrior is lightly wounded.
You puncture the orc warrior!
The orc warrior is heavily wounded.
The orc warrior barely misses you.
You barely miss the orc warrior.
The orc warrior is heavily wounded.
The orc warrior hits you with a +0 dire flail!
You closely miss the orc warrior.
The orc warrior is heavily wounded.
The orc warrior closely misses you.
There is a stone staircase leading down here.
Things that are here:
a +0 scale mail; a +0 flail You closely miss the orc warrior.
The orc warrior is heavily wounded.
The orc warrior hits you with a +0 dire flail.
You hit the orc warrior but do no damage.
The orc warrior is heavily wounded.
You puncture the orc warrior!
The orc warrior is severely wounded.
The orc warrior hits you with a +0 dire flail!
* * * LOW HITPOINT WARNING * * *
You feel much better. The orc warrior closely misses you.
You closely miss the orc warrior.
The orc warrior is severely wounded.
The orc warrior hits you with a +0 dire flail!
You hit the orc warrior but do no damage.
The orc warrior is severely wounded.
The orc warrior hits you with a +0 dire flail.
* * * LOW HITPOINT WARNING * * *
You closely miss the orc warrior.
The orc warrior is severely wounded.
The orc warrior hits you with a +0 dire flail!
* * * LOW HITPOINT WARNING * * *
You barely miss the orc warrior.
The orc warrior is severely wounded.
You feel very mighty all of a sudden.
The orc warrior hits you with a +0 dire flail!!
You die...
Your body crumbles into a pile of gold.

..........##.......##...........#
.........###..>[....#...........#
.........###...[................#
..........#......##...##.......##
..................##..###....#...
......#...###....###.####..[##.##
......#...###.....##.###.....####
......#.##......o......#.....#.##
........#.......@................
###......#...#'#....#>.....###...
#........#...#_#....#..##........
###..........###....##o........≈≈
.........##.............#....≈≈≈≈
>......####.........#......≈≈≈≈≈≈
......#.#####.......#.....≈≈≈≈≈≈≈
#........# #.....#.#.....≈≈≈≈≈≈.
.........####.......#.....≈≈≈≈≈≈.


You could see an orc warrior.

Vanquished Creatures
  Duvessa (D:5)
  A necrophage (D:6)
  An ogre (D:4)
  A kobold brigand (D:5)
  A bullfrog (D:6)
  4 scorpions
  Dowan (D:5)
  A howler monkey (D:6)
  3 hounds
  A bullfrog skeleton (D:6)
  An orc priest (D:4)
  2 jellies
  5 iguanas
  2 orc wizards
  11 adders
  An ufetubus (D:5)
  2 worms
  3 dart slugs
  11 orcs
  9 endoplasms
  3 giant cockroaches
  7 hobgoblins
  3 jackals (D:1)
  14 kobolds
  3 quokkas
  10 ball pythons
  6 bats
  5 frilled lizards
  10 goblins
123 creatures vanquished.

Vanquished Creatures (others)
  2 plants (D:6)
2 creatures vanquished.

Grand Total: 125 creatures vanquished

Notes
Turn   | Place    | Note
-------+----------+-------------------------------------------
     0 | D:1      | siradein the Ghoul Gladiator began the quest for the Orb.
     0 | D:1      | Reached XP level 1. HP: 17/17 MP: 0/0
   198 | D:1      | Reached skill level 3 in Polearms
   211 | D:1      | Reached XP level 2. HP: 23/24 MP: 1/1
   909 | D:1      | Reached XP level 3. HP: 29/29 MP: 2/2
  1274 | D:2      | Reached skill level 4 in Polearms
  1360 | D:2      | Reached XP level 4. HP: 35/36 MP: 3/3
  1440 | D:2      | Found a faded altar of an unknown god.
  2411 | D:3      | Reached skill level 5 in Polearms
  2469 | D:3      | Reached XP level 5. HP: 34/41 MP: 4/4
  3160 | D:4      | Noticed an ogre
  3172 | D:4      | Killed an ogre
  3173 | D:4      | Reached skill level 6 in Polearms
  3173 | D:4      | Reached XP level 6. HP: 48/48 MP: 5/5
  3342 | D:4      | Found a sparkling altar of Nemelex Xobeh.
  4073 | D:4      | Found a burning altar of Makhleb.
  4132 | D:5      | Entered Level 5 of the Dungeon
  4315 | D:4      | Reached skill level 7 in Polearms
  4315 | D:4      | Reached XP level 7. HP: 32/55 MP: 6/6
  5037 | D:5      | Noticed Duvessa
  5037 | D:5      | Noticed Dowan
  5038 | D:5      | Found a staircase to the Ecumenical Temple.
  5061 | D:5      | Killed Duvessa
  5086 | D:5      | HP: 1/55 [Dowan/shard of ice (5)]
  5365 | D:5      | Killed Dowan
  5366 | D:5      | Reached skill level 8 in Polearms
  5513 | Temple   | Entered the Ecumenical Temple
  5538 | Temple   | Became a worshipper of Gozag Ym Sagoz the Greedy
  5703 | D:5      | Found a radiant altar of Vehumet.
  6361 | D:5      | Reached XP level 8. HP: 60/61 MP: 7/7
  6814 | D:6      | Reached skill level 9 in Polearms
  7293 | D:5      | Demolished by an orc warrior

Illustrated notes

Levels and vault maps discovered:
D:1:      onia_arrival_mini_spirals, layout_basic, minmay_misc_feat_alley,
          minmay_misc_feat_rugged
D:2:      layout_loops_ring, hellmonk_ecumenical_altar_run_dry, st_stairs_7
D:3:      layout_basic
D:4:      layout_gridville, lightli_temple_of_fire, nemelex_dance_club_becter
D:5:      layout_cave_pools, nicolae_tso_swordbearing_angel, kennysheep_mini,
          temple_pool_b, uniq_duvessa
D:6:      layout_cave_pools, lemuel_zombie_altar_kikubaaqudgha,
          mainiacjoe_overflow_boulevard
Temple:   nicolae_temple_x_marks_the_god

Skill      XL: |  1  2  3  4  5  6  7  8 |
---------------+-------------------------+-----
Polearms       | 3 4 5 6 7 8 9 |  9.8
Fighting       | |  2.1
Throwing       | |  1.7
Dodging        | |  2.6

Action                   |  1- 3 |  4- 6 |  7- 9 || total
-------------------------+-------+-------+-------++-------
Melee: Trident           |   123 |   249 |   255 ||   627
 Fire: Hand crossbow     |       |     9 |     2 ||    11
  Use: Scroll            |       |       |     4 ||     4
       Potion            |       |       |     4 ||     4
Armor: Leather armour    |    14 |       |       ||    14
       Scale mail        |    30 |    89 |   100 ||   219
Dodge: Dodged            |    84 |    89 |   144 ||   317

Table legend: (Time is in decaauts)
 A = Elapsed time spent in this place.
 B = Non-inter-level travel time spent in this place.
 C = Inter-level travel time spent in this place.
 D = Time resting spent in this place.
 E = Time spent auto-exploring this place.
 F = Levels seen in this place.
 G = Mean time per level.
                   A        B        C        D        E       F      G
               +--------+--------+--------+--------+--------+-----+--------+
         Total |   7321 |   7164 |    157 |   1663 |   3991 |   7 | 1045.9 |
       Dungeon |   7283 |   7126 |    157 |   1663 |   3975 |   6 | 1213.8 |
        Temple |     37 |     37 |      0 |      0 |     16 |   1 |   37.0 |
               +--------+--------+--------+--------+--------+-----+--------+

Top non-repeatable levels by time:
     D:5: 1934 daAuts
     D:4: 1929 daAuts
     D:1: 1166 daAuts
     D:2: 1091 daAuts
     D:3: 807 daAuts
     D:6: 355 daAuts
  Temple: 37 daAuts
